 Dungeon Crawl Stone Soup version 0.27.1-1-g398f81649c (webtiles) character file.

Game seed: 3922390527733028403

105 ZARRMARR the Cutter (level 4, 0/27 HPs)
             Began as an Octopode Conjurer on Sept 13, 2021.
             Slain by a bullfrog (5 damage)
             ... in a sewer.
             The game lasted 00:06:04 (3082 turns).

ZARRMARR the Cutter (Octopode Conjurer)             Turns: 3082, Time: 00:06:04

Health: 0/27       AC:  1    Str:  6    XL:     4   Next: 83%
Magic:  2/7        EV: 13    Int: 21    God:
Gold:   3          SH:  0    Dex: 10    Spells: 6/7 levels left

rFire    . . .     SeeInvis .   f - +0 short sword
rCold    . . .     Faith    .   (no shield)
rNeg     . . .     Spirit   .   (helmet restricted)
rPois    .         Reflect  .   (no amulet)
rElec    .         Harm     .   (no ring)
rCorr    .         Rampage  .   (no ring)
Will     .....                  (no ring)
Stlth    ++++......             (no ring)
HPRegen  0.09/turn              (no ring)
MPRegen  0.10/turn              (no ring)
                                (no ring)
                                (no ring)

@: no status effects
A: almost no armour, amphibious, 8 rings, camouflage 1, gelatinous body 1,
nimble swimmer 1, tentacles
a: no special abilities


You were in a sewer.
You visited 1 branch of the dungeon, and saw 3 of its levels.
You also visited: Sewer.

You collected 41 gold pieces.
You spent 38 gold pieces at shops.

Inventory:

Hand Weapons
 f - a +0 short sword (weapon)
Scrolls
 b - a scroll of amnesia
Potions
 a - a potion of might
 d - a potion of mutation {unknown}
 e - a potion of magic {unknown}


   Skills:
 + Level 4.2 Short Blades
 - Level 2.0 Dodging
 - Level 2.6 Stealth
 - Level 2.0 Spellcasting
 - Level 4.0 Conjurations


You had 6 spell levels left.
You knew the following spells:

 Your Spells              Type           Power      Damage    Failure   Level
a - Magic Dart            Conj           72%        1d6       2%          1

Your spell library contained the following spells:

 Spells                   Type           Power      Damage    Failure   Level
 Searing Ray              Conj           36%        3d4       4%          2
 Dazzling Flash           Conj/Hex       20%        N/A       19%         3
 Fulminant Prism          Conj/Hex       5%         3d7       54%         4
 Iskenderun's Mystic Bla  Conj/Tloc      10%        2d4       54%         4


Dungeon Overview and Level Annotations

Branches:
Dungeon (3/15)              Sewer (1/1)

Altars:
Dithmenos

Shops:
D:2 :*?


Innate Abilities, Weirdness & Mutations

You cannot wear most types of armour.
You are amphibious.
You can wear up to eight rings at the same time.
Your skin changes colour to match your surroundings (Stealth+).
Your rubbery body absorbs attacks. (AC +1, EV +1)
You are camouflaged near water. (Stealth+)
You have tentacles for arms and can constrict up to eight enemies at once.


Message History

You can't see any susceptible monsters within range! (Use Z to cast anyway.)
You can't see any susceptible monsters within range! (Use Z to cast anyway.)
A ball python comes into view.
The magic dart hits the ball python.
You kill the ball python!
You can't see any susceptible monsters within range! (Use Z to cast anyway.)
You can't see any susceptible monsters within range! (Use Z to cast anyway.)
You can't see any susceptible monsters within range! (Use Z to cast anyway.)
You can't see any susceptible monsters within range! (Use Z to cast anyway.)
You can't see any susceptible monsters within range! (Use Z to cast anyway.)
You can't see any susceptible monsters within range! (Use Z to cast anyway.)
You can't see any susceptible monsters within range! (Use Z to cast anyway.)
You can't see any susceptible monsters within range! (Use Z to cast anyway.)
You can't see any susceptible monsters within range! (Use Z to cast anyway.)
You start resting.
Magic restored.
Things that are here:
a ball python corpse; a frilled lizard corpse
Found a gate leading back out of this place.
A bullfrog comes into view.
The magic dart hits the bullfrog.
The bullfrog is lightly wounded.
The bullfrog gives a loud, deep croak!
A bullfrog comes into view.
The bullfrog snags a nearby fly with its tongue.
The magic dart hits the bullfrog.
The bullfrog is heavily wounded.
The magic dart hits the bullfrog.
The bullfrog is heavily wounded.
The bullfrog barely misses you.
The magic dart hits the bullfrog.
The bullfrog is severely wounded.
The bullfrog barely misses you. The bullfrog hits you!
The bullfrog closely misses you.
The magic dart hits the bullfrog.
The bullfrog is severely wounded.
The bullfrog hits you! x2
* * * LOW HITPOINT WARNING * * *
The bullfrog hits you.
You die...

≈≈≈≈≈≈≈≈≈≈≈.#
≈≈≈≈≈≈≈≈≈≈≈≈≈≈.#
≈≈≈.≈≈≈≈≈≈≈≈≈≈.#
≈∩.≈≈≈≈≈≈≈≈≈≈≈.#
≈≈.≈...≈≈≈≈≈≈≈.#
≈≈..≈≈≈≈≈≈≈≈≈≈.#
≈≈≈≈≈.≈≈≈≈≈†≈≈.# ###
≈≈≈.)≈≈≈≈≈≈≈≈≈.# #.#
≈≈.//[F@≈≈≈≈≈≈.# #∩#
≈≈..:≈F≈≈≈≈≈≈≈.# #.#
≈≈≈≈.≈≈≈≈≈.≈≈≈.# #∩#
≈≈≈.≈≈≈≈≈≈.≈≈≈.# #.#
≈≈≈≈≈≈≈≈≈≈.≈≈≈.# #.#
≈≈≈≈≈≈≈≈≈≈.≈≈≈.###.##
≈≈≈≈≈≈≈≈≈#.≈≈≈.##...#
#≈≈≈≈≈≈≈≈#.≈≈≈.##≈≈.#
≈≈≈≈###.≈≈≈.##≈≈.#


You could see 2 bullfrogs.

Vanquished Creatures
  4 adders (D:2)
  A river rat (D:3)
  2 worms
  5 ball pythons
  3 bats
  4 endoplasms (D:1)
  5 giant cockroaches
  A goblin (D:1)
  4 hobgoblins
  9 quokkas
  7 frilled lizards
  2 kobolds
  7 rats
54 creatures vanquished.

Vanquished Creatures (others)
  A plant (D:1)
1 creature vanquished.

Grand Total: 55 creatures vanquished

Notes
Turn   | Place    | Note
-------+----------+-------------------------------------------
     0 | D:1      | ZARRMARR the Octopode Conjurer began the quest for the Orb.
     0 | D:1      | Reached XP level 1. HP: 11/11 MP: 3/3
   106 | D:1      | Reached skill level 1 in Short Blades
   187 | D:1      | Reached XP level 2. HP: 17/17 MP: 0/5
  1149 | D:1      | Reached XP level 3. HP: 17/21 MP: 0/6
  1659 | D:2      | Found Taxorare's General Store.
  1709 | D:2      | Found Xireo's Book Emporium.
  1832 | D:2      | Found Vogeocw's Magic Scroll Shop.
  2049 | D:2      | Reached XP level 4. HP: 27/27 MP: 2/7
  2158 | D:2      | Found a shadowy altar of Dithmenos.
  2804 | D:2      | Bought a scroll of magic mapping for 38 gold pieces
  2902 | D:3      | Found a glowing drain.
  2906 | Sewer    | Entered a sewer
  3077 | Sewer    | Noticed a bullfrog
  3078 | Sewer    | Noticed a bullfrog
  3082 | Sewer    | Slain by a bullfrog

Illustrated notes

Levels and vault maps discovered:
D:1:      dpeg_arrival_castle, layout_rooms, serial_forest,
          infiniplex_forest_end_1, infiniplex_forest_clump_curved,
          infiniplex_forest_clump_curved, infiniplex_forest_clump_curved,
          infiniplex_forest_clump_small, infiniplex_forest_end_3,
          infiniplex_forest_straight_4, infiniplex_forest_lined_3,
          infiniplex_forest_clump_C, infiniplex_forest_lined_2,
          hangedman_decor_push
D:2:      layout_loops_corners, basic_altar, serial_shops, shop,
          nicolae_square_shop, shop
D:3:      layout_basic, dreamdust_ecumenical_altar_grove, gup_sewer_entry_bowl,
          gammafunk_ghost_cemetery, minmay_misc_feat_tiny, uniq_purgy
Sewer:    sewer_frog_island_01

Skill      XL: |  1  2  3  4 |
---------------+-------------+-----
Short Blades   | 1 2 3 4 |  4.2
Dodging        | |  2.0
Stealth        | |  2.6
Spellcasting   | |  2.0
Conjurations   | |  4.0

Action                   |  1- 3 |  4- 6 || total
-------------------------+-------+-------++-------
Melee: Unarmed           |    39 |    14 ||    53
       Constrict         |     6 |     5 ||    11
       Tentacles         |     7 |     4 ||    11
       Short sword       |       |    15 ||    15
 Cast: Magic Dart        |    62 |    37 ||    99
  Use: Scroll            |     1 |     3 ||     4
 Stab: Sleeping          |     1 |       ||     1
Armor: Skin              |     5 |     2 ||     7
Dodge: Dodged            |    27 |    16 ||    43
